 Dungeon Crawl Stone Soup version 0.22-a0-756-gc33bbe721d (webtiles) character file.

207 Askman the Skirmisher (level 5, -9/34 HPs)
             Began as a Gargoyle Fighter on July 16, 2018.
             Killed by divine providence
             ... invoked by an orc priest
              (12 damage)
             ... on level 3 of the Dungeon.
             The game lasted 00:08:01 (2040 turns).

Askman the Skirmisher (Gargoyle Fighter)            Turns: 2040, Time: 00:08:02

Health: -9/34      AC: 17    Str: 30    XL:     5   Next: 85%
Magic:  5/5        EV:  5    Int:  9    God:
Gold:   124        SH: 10    Dex:  9    Spells: 4/4 levels left

rFire    . . .     SeeInvis +   a - +0 flail
rCold    . . .     Gourm    .   c - +0 shield
rNeg     + . .     Faith    .   q - +0 plate armour
rPois    ∞         Spirit   .   g - +0 helmet
rElec    +         Reflect  .   (no cloak)
rCorr    .         Harm     .   (no gloves)
MR       .....                  (no boots)
Stlth    ..........             (no amulet)
HPRegen  0.11/turn              z - ring of see invisible
MPRegen  0.09/turn              i - +5 ring of strength

@: mighty, slowed, very slow
A: negative energy resistance 1, electricity resistance, unbreathing,
petrification resistance, rot immunity, AC +4
a: no special abilities


You were on level 3 of the Dungeon.
You were not hungry.

You visited 1 branch of the dungeon, and saw 3 of its levels.

You collected 124 gold pieces.

Inventory:

Hand Weapons
 a - a +0 flail (weapon)
Missiles
 n - 44 bolts
 p - 20 arrows
Armour
 c - a +0 shield (worn)
 g - a +0 helmet (worn)
   (You found it on level 1 of the Dungeon)
 q - a +0 plate armour (worn)
   (You found it on level 1 of the Dungeon)
Jewellery
 i - a +5 ring of strength (right hand)
   (You found it on level 1 of the Dungeon)
 l - an uncursed ring of protection from magic
   (You found it on level 1 of the Dungeon)
 z - a ring of see invisible (left hand)
   (You found it on level 1 of the Dungeon)
Scrolls
 h - a scroll of immolation {unknown}
 j - 4 scrolls of identify {unknown}
 r - 2 scrolls of enchant weapon {unknown}
 s - a scroll of noise {unknown}
 t - a scroll of teleportation {unknown}
 u - a scroll of amnesia {unknown}
Potions
 b - a potion of brilliance {unknown}
 d - 3 potions of might
 f - a potion of invisibility {unknown}
 k - 2 potions of curing {@q1}
 m - a potion of berserk rage {unknown}
 o - a potion of agility {unknown}
Comestibles
 e - 4 rations {!d}


   Skills:
 + Level 4.4 Fighting
 * Level 4.4 Maces & Flails
 + Level 4.4 Armour
 - Level 3.2 Shields


You had 4 spell levels left.
You didn't know any spells.
Your spell library was empty.

Dungeon Overview and Level Annotations

Branches:
Dungeon (3/15)

Altars:


Innate Abilities, Weirdness & Mutations

You are resistant to torment.
Your stone body is resilient. (AC +4)
You are immune to poison.
You resist negative energy. (rN+)
You are resistant to electric shocks. (rElec)
You can survive without breathing.
You are immune to petrification.
You are immune to rotting.


Message History

The orc hits you but does no damage.
You sock the orc!
You kill the orc!
You block the orc's attack.
You bludgeon the orc!!
You kill the orc!
The orc priest hits you but does no damage.
You hit the orc priest. The orc priest barely misses you.
The orc priest looks satisfied for a moment.
You sock the orc priest!
You kill the orc priest!
Your Maces & Flails skill increases to level 4!
Jessica gestures at you while chanting.
You barely resist. You sock Jessica!
Jessica points at you and mumbles some strange words.
You feel as though you will be slow longer.
Jessica drinks a potion.
Jessica is healed!
You closely miss Jessica. Jessica hits you but does no damage.
You block Jessica's attack.
You thump Jessica!
You kill Jessica!
Your shield and plate armour prevent you from hitting the orc wizard.
The orc wizard hits you but does no damage.
The orc wizard points at you and mumbles some strange words.
The magic dart hits you!
You sock the orc wizard!
The orc wizard hits you but does no damage. x2
You sock the orc wizard!
You kill the orc wizard!
The orc priest hits you but does no damage.
Your plate armour prevents you from hitting the orc priest.
The orc priest hits you but does no damage.
You closely miss the orc priest.
The orc priest hits you but does no damage.
The orc priest calls down the wrath of Beogh upon you.
Pain shoots through your body!
* * * LOW HITPOINT WARNING * * *
Your shield and plate armour prevent you from hitting the orc priest.
You block the orc priest's attack.
The orc priest hits you but does no damage.
You sock the orc priest!
The orc priest hits you but does no damage.
You closely miss the orc priest.
The orc priest mumbles some strange prayers to Beogh against you.
Beogh smites you!
* * * LOW HITPOINT WARNING * * *
The orc priest calls down the wrath of Beogh upon you.
Beogh smites you!
You die...

#. ## ..# #.. ...#.....
#.#>#.#$# # #.#.#.#.# #.
#.#.#.#.# #.#### #.#o#o#.#
.# #<...###.@#)oo.##..#
#.######...##[###.o.....##
#...<..........#).o......$
########...####o.##...!###
##.## #..# .@!.... #.#
#.o# .#..### #.# #...
.#..# #.# #.o##.# )# #.#
#... .. .


You could see an orc priest.

Vanquished Creatures
  An orc priest (D:3)
  An orc wizard (D:3)
  Jessica (D:3)
  Natasha (twice) (D:3)
  3 adders (D:2)
  An ooze (D:1)
  2 dart slugs
  3 orcs (D:3)
  A ball python (D:2)
  A giant cockroach (D:2)
  5 goblins
  5 hobgoblins
  9 kobolds
  A quokka (D:2)
  4 bats
  2 frilled lizards (D:1)
  5 rats
47 creatures vanquished.

Notes
Turn   | Place    | Note
-------+----------+-------------------------------------------
     0 | D:1      | Askman the Gargoyle Fighter began the quest for the Orb.
     0 | D:1      | Reached XP level 1. HP: 14/14 MP: 1/1
   278 | D:1      | Reached XP level 2. HP: 19/19 MP: 2/2
   779 | D:1      | Reached XP level 3. HP: 23/23 MP: 3/3
  1259 | D:2      | Reached XP level 4. HP: 29/29 MP: 4/4
  1973 | D:3      | Noticed Natasha
  1983 | D:3      | Killed Natasha
  1995 | D:3      | Noticed Jessica
  2004 | D:3      | Noticed Natasha
  2018 | D:3      | Killed Natasha
  2018 | D:3      | Reached XP level 5. HP: 15/33 MP: 5/5
  2032 | D:3      | Killed Jessica
  2040 | D:3      | Killed from afar by an orc priest

Vault maps used:
D:1:      lightli_iron_boxes, minmay_pentomino_z4
D:2:      serial_bayou_ford_a
D:3:      minitemple, gammafunk_ghost_cemetery, uniq_ijyb, uniq_jessica,
          uniq_natasha

Skill      XL: |  1  2  3  4  5 |
---------------+----------------+-----
Maces & Flails | 3 4 |  4.4
Fighting       | 4 |  4.4
Armour         | 4 |  4.4
Shields        | |  3.2

Action                   |  1- 3 |  4- 6 || total
-------------------------+-------+-------++-------
Melee: Flail             |   151 |    74 ||   225
  Use: Potion            |       |     2 ||     2
  Eat: Chunk             |     1 |     3 ||     4
Armor: Scale mail        |    21 |       ||    21
       Chain mail        |    13 |       ||    13
       Plate armour      |    73 |    48 ||   121
Dodge: Dodged            |    32 |     7 ||    39
Block: Shield            |    92 |    31 ||   123

Table legend:
 A = Spawn XP
 B = Non-spawn XP
 C = Spawn XP percentage of total XP
 D = Spawn monster count
 E = Non-spawn monster count
 F = Spawn count percentage of total count
 G = Total turns spent on level
                    A         B        C        D         E        F      G
               +---------+---------+-------+---------+---------+-------+---------
         Total |       0 |     296 |   0.0 |       0 |      47 |   0.0 |  2040
               +---------+---------+-------+---------+---------+-------+---------
           D:1 |       0 |      39 |   0.0 |       0 |      22 |   0.0 |   860
           D:2 |       0 |      59 |   0.0 |       0 |      15 |   0.0 |  1093
           D:3 |       0 |     198 |   0.0 |       0 |      10 |   0.0 |    87
               +---------+---------+-------+---------+---------+-------+---------
